 Dungeon Sprint DCSS version 0.22.1-2-g9c5b331 (webtiles) character file.

23 Yuikono the Gusty (level 3, -2/19 HPs)
             Began as a Tengu Air Elementalist on Dec 20, 2018.
             Was a Follower of Vehumet.
             Slain by a yak (11 damage)
             ... in the Dungeon (Sprint IX: "|||||||||||||||||||||||||||||").
             The game lasted 00:03:45 (319 turns).

Yuikono the Gusty (Tengu Air Elementalist)           Turns: 319, Time: 00:03:47

Health: -2/19      AC:  6    Str:  8    XL:     3   Next: 0%
Magic:  6/9        EV: 14    Int: 16    God:    Vehumet [*.....]
Gold:   0          SH:  0    Dex: 14    Spells: 2/9 levels left

rFire    . . .     SeeInvis .   n - staff of energy
rCold    . . .     Gourm    .   (no shield)
rNeg     . . .     Faith    .   a - +0 robe
rPois    .         Spirit   .   (helmet restricted)
rElec    .         Reflect  .   p - +0 cloak
rCorr    .         Harm     .   q - +0 pair of gloves
MR       .....     NoTele   +   (boots unavailable)
Stlth    ++........             (no amulet)
HPRegen  0.06/turn              r - +2 ring of evasion
MPRegen  0.11/turn              s - +2 ring of protection

@: no status effects
A: beak, talons 3
a: Renounce Religion


You were in the Dungeon.
You worshipped Vehumet.
Vehumet was aware of your devotion.
You were not hungry.

You visited 1 branch

Inventory:

Hand Weapons
 o - a +2 scimitar of holy wrath
Armour
 a - a +0 robe (worn)
 p - a +0 cloak (worn)
 q - a +0 pair of gloves (worn)
Magical Staves
 n - an uncursed staff of energy (weapon)
Jewellery
 r - a +2 ring of evasion (left hand)
 s - a +2 ring of protection (right hand)
Wands
 m - a wand of iceblast (10)
Scrolls
 i - 2 scrolls of blinking
 k - 3 scrolls of remove curse
 l - 2 scrolls of amnesia
Potions
 d - 5 potions of curing
 e - 3 potions of heal wounds
 f - a potion of haste
 g - 4 potions of magic
 h - a potion of berserk rage
 j - a potion of invisibility
Comestibles
 c - a ration


   Skills:
 - Level 2.1 Dodging
 - Level 2.0 Stealth
 + Level 3.5 Spellcasting
 + Level 4.3 Conjurations
 + Level 5.8 Air Magic


You had 2 spell levels left.
You knew the following spells:

 Your Spells              Type           Power        Failure   Level  Hunger
a - Shock                 Conj/Air       ###.         2%          1    None
b - Swiftness             Chrm/Air       ##......     9%          2    None
c - Magic Dart            Conj           ###.         3%          1    None
d - Static Discharge      Conj/Air       ###.....     7%          3    None

Your spell library contained the following spells:

 Spells                   Type           Power        Failure   Level  Hunger
 Airstrike                Air            ###.......   16%         4    None
 Lightning Bolt           Conj/Air       ###.......   52%         5    None


Dungeon Overview and Level Annotations

Branches:
Dungeon (1/1)

Altars:
Cheibriados
Dithmenos
Elyvilon
Fedhas
Gozag
Hepliaklqana
Kikubaaqudgha
Makhleb
Nemelex Xobeh
Okawaru
Qazlal
Ru
Sif Muna
Trog
Uskayaw
Vehumet
Wu Jian
Xom
Yredelemnul
Zin
The Shining One
Beogh
Jiyva
Lugonu


Innate Abilities, Weirdness & Mutations

You have a beak for a mouth.
You have claws for feet.


Message History

Press: ? - help, Shift-Dir - straight line, f/p - yak
Aim: a yak (lightly wounded)
The zap hits the yak.
The yak is moderately wounded.
The zap misses the troll.
The yak gores you!
Ouch! That really hurt!
A sky beast appears from thin air!
Reactivating autopickup.
Casting: Shock (safe; 2% risk of failure)
Confirm with . or Enter, or press ? or * to list all spells.
Aiming: Shock (safe; 2% risk of failure)
Press: ? - help, Shift-Dir - straight line, f/p - yak
Aim: a yak (moderately wounded)
The zap hits the yak.
The yak is heavily wounded.
The zap misses the sky beast.
The zap hits the troll.
The troll is lightly wounded.
The yak gores you!
Ouch! That really hurt!
You die... ▓▓▓▓▓▓▓▓▓▓▓▓▓▓▓▓▓▓▓▓▓▓▓▓ _______'...)..[.@YYT...† ▓▓▓▓▓▓▓▓▓▓▓▓▓▓▓▓▓▓▓▓▓▓▓▓

You could see a yak, a troll and a sky beast.

Vanquished Creatures
  An adder zombie (D)
  An adder skeleton (D)
  A worm (D)
  2 leopard geckos (D)
  2 ball pythons (D)
  2 jackals (D)
  A quokka (D)
  3 rats (D)
13 creatures vanquished.

Notes
Turn   | Place    | Note
-------+----------+-------------------------------------------
     0 | D        | Yuikono the Tengu Air Elementalist began the quest for the
                  | Orb.
     0 | D        | Reached XP level 1. HP: 10/10 MP: 4/4
    58 | D        | Reached skill level 5 in Air Magic
    58 | D        | Reached XP level 2. HP: 15/15 MP: 2/6
   177 | D        | Found a roughly hewn altar of Beogh.
   177 | D        | Found a snail-covered altar of Cheibriados.
   177 | D        | Found a shadowy altar of Dithmenos.
   177 | D        | Found a white marble altar of Elyvilon.
   177 | D        | Found a blossoming altar of Fedhas.
   177 | D        | Found an opulent altar of Gozag.
   178 | D        | Found a hazy altar of Hepliaklqana.
   179 | D        | Found a viscous altar of Jiyva.
   180 | D        | Found an ancient bone altar of Kikubaaqudgha.
   181 | D        | Found a corrupted altar of Lugonu.
   182 | D        | Found a burning altar of Makhleb.
   183 | D        | Found a sparkling altar of Nemelex Xobeh.
   184 | D        | Found an iron altar of Okawaru.
   185 | D        | Found a stormy altar of Qazlal.
   186 | D        | Found a sacrificial altar of Ru.
   187 | D        | Found a deep blue altar of Sif Muna.
   188 | D        | Found a bloodstained altar of Trog.
   189 | D        | Found a hide-covered altar of Uskayaw.
   192 | D        | Found a radiant altar of Vehumet.
   193 | D        | Found an ornate altar of the Wu Jian Council.
   194 | D        | Found a shimmering altar of Xom.
   195 | D        | Found a basalt altar of Yredelemnul.
   196 | D        | Found a glowing silver altar of Zin.
   197 | D        | Found a glowing golden altar of the Shining One.
   232 | D        | Became a worshipper of Vehumet
   240 | D        | Learned a level 2 spell: Swiftness
   282 | D        | Noticed a yak
   282 | D        | Noticed a sky beast
   282 | D        | Noticed a troll
   284 | D        | Reached * piety under Vehumet
   284 | D        | Offered knowledge of Magic Dart by Vehumet.
   284 | D        | Reached XP level 3. HP: 19/19 MP: 7/9
   309 | D        | Learned a level 1 spell: Magic Dart
   313 | D        | Learned a level 3 spell: Static Discharge
   319 | D        | Slain by a yak

Skill      XL: |  1  2 |
---------------+-------+-----
Conjurations   | 3 4 |  4.3
Air Magic      | 5 |  5.8
Spellcasting   | 3 |  3.5
Dodging        | |  2.1
Stealth        | |  2.0

Action                   || total
-------------------------++-------
Melee: Unarmed           ||     5
       Kick              ||     1
 Cast: Shock             ||    14
Dodge: Dodged            ||     4
